 Dungeon Crawl Stone Soup version 0.17.0-24-gcfadda4 (console) character file.

1262 gw the Chopper (level 8, -4/73 HPs)
             Began as a Deep Dwarf Gladiator on Nov 16, 2015.
             Was an Initiate of Yredelemnul.
             Slain by an ogre
             ... wielding a +0 giant spiked club
              (8 damage)
             ... on level 8 of the Dungeon.
             The game lasted 00:03:05 (3493 turns).

gw the Chopper (Deep Dwarf Gladiator)               Turns: 3493, Time: 00:03:06

Health: -4/73      AC: 13    Str: 20    XL:     8   Next: 27%
Magic:  7/7        EV:  7    Int:  8    God:    Yredelemnul [......]
Gold:   0          SH:  0    Dex: 15    Spells: 0 memorised, 7 levels left

rFire  . . .     SeeInvis .     a - +1 war axe
rCold  . . .     Clarity  .     l - +0 chain mail
rNeg   . . .     SustAt   .     (no shield)
rPois  .         Gourm    .     c - +1 helmet
rElec  .         Spirit   .     (no cloak)
rCorr  .         Warding  .     s - +0 pair of gloves
rMut   .         Stasis   .     p - +0 pair of boots
MR     +....                    (no amulet)
Stlth  ..........               (no ring)
                                (no ring)

@: non-regenerating, heavily drained, somewhat resistant to hostile
enchantments, extremely unstealthy
A: damage resistance, recharge devices, sense surroundings 1, slow regeneration
3
a: Device Recharging, Renounce Religion


You were on level 8 of the Dungeon.
You worshipped Yredelemnul.
Yredelemnul was noncommittal.
You were not hungry.

You visited 2 branches of the dungeon, and saw 7 of its levels.

Inventory:

Hand Weapons
 a - a +1 war axe (weapon)
Missiles
 d - 3 throwing nets
 q - 13 bolts
Armour
 c - a +1 helmet (worn)
 l - a +0 chain mail (worn)
 p - a +0 pair of boots (worn)
 s - a +0 pair of gloves (worn)
Wands
 r - a wand of frost (48)
Scrolls
 g - 6 scrolls of remove curse
 h - a scroll of blinking
 i - 6 scrolls of identify
Potions
 b - 2 potions of lignification
 e - a potion of agility {unknown}
 j - 2 potions of might
Comestibles
 f - a bread ration
 k - a royal jelly
 o - 2 meat rations


   Skills:
 + Level 4.8(2.2) Fighting
 * Level 7.9(5.1) Axes
 - Level 1.7(0.0) Throwing
 + Level 5.1(2.5) Armour
 - Level 3.2(0.8) Dodging
 + Level 2.7(0.3) Invocations
 - Level 1.5(0.0) Evocations


You had 7 spell levels left.
You didn't know any spells.

Dungeon Overview and Level Annotations

Branches:
Dungeon (8/15)             Temple (1/1) D:7
   Lair: D:8-11

Altars:
Ashenzari
Cheibriados
Elyvilon
Fedhas
Makhleb
Nemelex Xobeh
Okawaru
Qazlal
Ru
Sif Muna
Trog
Vehumet
Xom
Yredelemnul
Zin
The Shining One

Annotations:
D:8 Maurice


Innate Abilities, Weirdness & Mutations

You are resistant to damage.
You can recharge devices by infusing magical energy.
You passively map a small area around you.
You do not regenerate naturally.


Message History

The giant gecko barely misses you.
ATTACKING (-1,0)
You miss the giant gecko.
The giant gecko is moderately wounded.
The giant gecko bites you but does no damage.
The giant gecko barely misses you.
ATTACKING (-1,0)
You slash the giant gecko!
You kill the giant gecko!
Yredelemnul accepts your kill.
ATTACKING (-1,0)
You barely miss the ogre.
The ogre is lightly wounded.
The ogre hits you with a giant spiked club!!
ATTACKING (-1,0)
You slash the ogre!
The ogre is heavily wounded.
The ogre hits you with a giant spiked club!
You die...
Your body rises from the dead as a mindless zombie.

##..##.# #..# ##.##
#......####..# ###
#...##...#..)#
##..#####.....#####
##..## #.........#
### ..#.##
##.......#....#
###..#
##..#####....#
##.## #..####....#
###..######...Og.#
##.....##......####
....##...:>..### ,*
..####..####(# .##
##..###..##
..###.(###....##
#..#...........#*
.............#..#
...........####..#*


You could see an ogre.

Table legend:
 A = Turns spent in this place as a percentage of turns spent in the entire game.
 B = Non-inter-level travel turns spent in this place as a percentage of non-inter-level travel turns spent in the entire game.
 C = Inter-level travel turns spent in this place as a percentage of turns spent in this place.
 D = Turns resting spent in this place as a percentage of non-inter-level travel turns spent in this place.
 E = Turns spent auto-exploring this place as a percentage of non-inter-level travel turns spent in this place.
 F = Non-inter-level travel turns spent in this place divided by the number of levels of this place that you've seen.
                   A       B       C       D       E      F
               +-------+-------+-------+-------+-------+----------------------
         Total | 100.0 | 100.0 |   0.3 |   0.0 |   2.6 | 924.3
       Dungeon |  97.5 |  97.5 |   0.3 |   0.0 |   2.6 | 1051.8
        Temple |   2.5 |   2.5 |   1.2 |   0.0 |   3.8 | 159.0
               +-------+-------+-------+-------+-------+----------------------

Table legend:
 A = Kills in this place as a percentage of kills in entire the game.
 B = Kills by you in this place as a percentage of kills by you in the entire game.
 C = Kills by friends in this place as a percentage of kills by friends in the entire game.
 D = Other kills in this place as a percentage of other kills in the entire game.
 E = Experience gained in this place as a percentage of experience gained in the entire game.
 F = Experience gained in this place divided by the number of levels of this place that you have seen.
                   A       B       C       D       E      F
               +-------+-------+-------+-------+-------+----------------------
         Total | 100.0 | 100.0 | 100.0 |  -nan | 100.0 | 257.7
       Dungeon | 100.0 | 100.0 | 100.0 |  -nan | 100.0 | 300.7
               +-------+-------+-------+-------+-------+----------------------

Vanquished Creatures
  A hungry ghost (D:7)
  Grum (D:8)
  3 wolves (D:8)
  A water moccasin (D:7)
  2 worker ants (D:4)
  A big kobold (D:4)
  A jelly (D:7)
  A giant frog skeleton (D:4)
  A hound (D:4)
  2 iguanas
  A hound skeleton (D:4)
  8 adders
  A shadow imp (D:7)
  2 oozes
  An adder skeleton (D:4)
  2 worms
  4 giant geckos
  5 orcs
  9 bats
  2 giant cockroaches
  3 hobgoblins
  2 jackals (D:4)
  24 kobolds
  A ball python (D:1)
  2 giant newts (D:2)
  9 goblins
  A goblin zombie (D:7)
  An orc zombie (D:7)
  5 rats
  2 plants (D:4)
99 creatures vanquished.

Vanquished Creatures (collateral kills)
  A phantom (D:4)
  A kobold (D:4)
2 creatures vanquished.

Grand Total: 101 creatures vanquished

Notes
Turn   | Place    | Note
--------------------------------------------------------------
     0 | D:1      | gw the Deep Dwarf Gladiator began the quest for the Orb.
     0 | D:1      | Reached XP level 1. HP: 19/19 MP: 1/1
   167 | D:1      | Reached XP level 2. HP: 26/26 MP: 2/2
   433 | D:1      | Reached skill level 1 in Evocations
   757 | D:2      | Reached skill level 1 in Armour
   771 | D:2      | Found a glowing silver altar of Zin.
   857 | D:2      | Reached XP level 3. HP: 25/33 MP: 4/4
   940 | D:2      | Reached skill level 4 in Axes
  1039 | D:2      | Reached XP level 4. HP: 21/40 MP: 5/5
  2052 | D:3      | Found a radiant altar of Vehumet.
  2059 | D:3      | Found a sparkling altar of Nemelex Xobeh.
  2286 | D:4      | Reached XP level 5. HP: 46/48 MP: 6/6
  2287 | D:4      | Noticed a phantom
  2342 | D:4      | Killed a phantom
  2342 | D:4      | Reached skill level 5 in Axes
  2406 | D:4      | Reached XP level 6. HP: 41/56 MP: 7/7
  2536 | D:4      | Noticed a big kobold
  2569 | D:4      | Killed a big kobold
  2764 | D:4      | Reached skill level 6 in Axes
  2879 | D:4      | You fall through a shaft for 3 floors!
  2901 | D:7      | Noticed a hungry ghost
  2941 | D:7      | Killed a hungry ghost
  2941 | D:7      | Reached XP level 7. HP: 48/63 MP: 8/8
  3017 | D:7      | Noticed a water moccasin
  3047 | D:7      | Killed a water moccasin
  3095 | D:7      | Found a staircase to the Ecumenical Temple.
  3105 | Temple   | Entered the Ecumenical Temple
  3160 | Temple   | Became a worshipper of Yredelemnul the Dark
  3199 | D:8      | Noticed Grum
  3204 | D:8      | Noticed Maurice
  3213 | D:8      | Reached skill level 7 in Axes
  3213 | D:8      | Reached skill level 1 in Invocations
  3218 | D:8      | Killed Grum
  3218 | D:8      | Reached XP level 8. HP: 37/73 MP: 9/9
  3240 | D:8      | Reached skill level 5 in Armour
  3315 | D:8      | Found a snail-covered altar of Cheibriados.
  3493 | D:8      | Slain by an ogre

Action                   |  1- 3 |  4- 6 |  7- 9 || total
-------------------------+-------+-------+-------++-------
Melee: War axe           |   101 |   194 |    92 ||   387
 Abil: Device Recharging |       |       |     3 ||     3
Evoke: Wand              |       |     7 |     4 ||    11
  Use: Scroll            |     5 |     4 |     3 ||    12
       Potion            |       |     4 |       ||     4
  Eat: Chunk             |     1 |     6 |       ||     7
       Fruit             |       |     5 |       ||     5
       Beef jerky        |       |     2 |       ||     2
       Pizza             |       |     1 |       ||     1
       Bread ration      |       |       |     1 ||     1

Vault maps used:
D:1:      dpeg_arrival_tiny_h
D:2:      zin_scriptorium
D:3:      amethyst_overflow_temple_binary
D:4:      kennysheep_kobold_camp, first_bread
D:7:      minmay_temple_entry_glass, nicolae_ossuary_entry_giza, basic_altar
D:8:      old_standard_altar, nicolae_overflow_crystal_walls,
          david_lair_shrubbed, uniq_grum, uniq_maurice
Temple:   zaba_magenta_temple_12
